 Dungeon Crawl Stone Soup version 0.28.0-53-g5a82cb258f (webtiles) character file.

Game seed: 5538280476130872964

92500 DocClef the Severer (level 15, -13/149 HPs)
             Began as a Minotaur Fighter on July 3, 2022.
             Was a High Priest of Okawaru.
             Mangled by a tyrant leech (22 damage)
             ... called by a spriggan druid
             ... on level 1 of the Swamp.
             The game lasted 00:34:50 (26223 turns).

DocClef the Severer (Minotaur Fighter)             Turns: 26223, Time: 00:34:51

Health: -13/149    AC: 21    Str: 33    XL:     15   Next: 58%
Magic:  23/23      EV: 13    Int:  2    God:    Okawaru [*****.]
Gold:   1431       SH:  0    Dex: 11    Spells: 14/14 levels left

rFire   + . .      SeeInvis +   L - +3 battleaxe (vamp)
rCold   . . .      Faith    .   (shield currently unavailable)
rNeg    + . .      Spirit   .   t - +5 scale mail of the Moon {rF+ Will+}
rPois   +          Reflect  .   K - +2 hat {SInv}
rElec   .          Harm     .   E - +0 cloak
rCorr   +          Rampage  .   h - +1 pair of gloves
Will    ++...                   y - +0 pair of boots
Stlth   ..........              (no amulet)
HPRegen 0.34/turn               v - ring "Lueqonos" {rN+ rCorr Str+6 Int-3}
MPRegen 0.18/turn               G - ring of poison resistance

@: no status effects
A: horns 2, retaliatory headbutt
a: Renounce Religion, Heroism, Finesse, Duel


You were on level 1 of the Swamp.
You worshipped Okawaru.
Okawaru was extremely pleased with you.
You visited 4 branches of the dungeon, and saw 23 of its levels.

You collected 1431 gold pieces.

Inventory:

Hand Weapons
 H - the +7 broad axe of Lygor {venom, Drain rF- rN+ Dex+7}
   (Okawaru gifted it to you on level 3 of the Lair of Beasts)

   It poisons the flesh of those it strikes.
   Dex:       It affects your dexterity (+7).
   rF:        It makes you vulnerable to fire.
   rN:        It protects you from negative energy.
   Drain:     It drains your maximum health when unequipped.
 L - a +3 vampiric battleaxe (weapon)
 P - a +1 battleaxe of flaming
Missiles
 O - 4 javelins (quivered)
 S - 3 throwing nets
Armour
 c - a +0 buckler
 h - a +1 pair of gloves (worn)
 t - the +5 scale mail of the Moon (worn) {rF+ Will+}
   (You found it on level 9 of the Dungeon)

   rF:        It protects you from fire.
   Will:      It increases your willpower.
 y - a +0 pair of boots (worn)
 E - a +0 cloak (worn)
 K - a +2 hat of see invisible (worn)
Jewellery
 b - a +4 ring of protection
 f - a +4 ring of protection
 j - a ring of fire
 v - the ring "Lueqonos" (left hand) {rN+ rCorr Str+6 Int-3}
   (You found it on level 1 of the Lair of Beasts)

   [ring of strength]

   Str:       It affects your strength (+6).
   Int:       It affects your intelligence (-3).
   rN:        It protects you from negative energy.
   rCorr:     It protects you from acid and corrosion.
 z - an amulet of magic regeneration
 B - a ring of flight
 C - a ring of ice
 F - an amulet of faith
 G - a ring of poison resistance (right hand)
 J - an amulet of regeneration
Wands
 r - a wand of paralysis (10)
 s - a wand of flame (25)
 A - a wand of acid (4)
 D - a wand of digging (6)
Scrolls
 a - 2 scrolls of enchant weapon
 e - 8 scrolls of identify
 m - a scroll of fear
 n - 2 scrolls of magic mapping
 p - 16 scrolls of teleportation
 x - 3 scrolls of enchant armour
 I - a scroll of fog
 N - 4 scrolls of amnesia
 Q - 2 scrolls of holy word
 T - 2 scrolls of blinking
 U - a scroll of brand weapon
Potions
 d - 6 potions of might
 g - 2 potions of lignification
 i - a potion of brilliance
 k - 2 potions of invisibility
 l - 11 potions of curing
 o - a potion of berserk rage
 q - 3 potions of attraction
 u - a potion of flight {unknown}
 M - 4 potions of ambrosia {unknown}
 R - a potion of cancellation {unknown}
Miscellaneous
 w - a condenser vane
 V - a phial of floods


   Skills:
 - Level 18.1 Fighting
 - Level 20.0 Axes
 - Level 10.0 Armour
 - Level 7.3 Dodging
 - Level 3.6 Shields
 - Level 12.1 Invocations
 + Level 6.1 Evocations


You had 14 spell levels left.
You didn't know any spells.
Your spell library contained the following spells:

 Spells                   Type           Power      Damage    Failure   Level
 Freeze                   Ice            0%         1d3       75%         1
 Conjure Flame            Conj/Fire      0%         6-21      98%         3
 Frozen Ramparts          Ice            0%         1d2       98%         3
 Gell's Gravitas          Tloc           0%         N/A       98%         3
 Ignite Poison            Fire/Tmut/Pois 0%         N/A       98%         3
 Lesser Beckoning         Tloc           0%         N/A       98%         3
 Portal Projectile        Hex/Tloc       0%         N/A       98%         3
 Teleport Other           Tloc           0%         N/A       98%         3
 Fulminant Prism          Conj/Hex       0%         3d6       100%        4
 Hailstorm                Conj/Ice       0%         3d3       100%        4
 Ice Form                 Ice/Tmut       0%         N/A       100%        4
 Iskenderun's Mystic Bla  Conj/Tloc      0%         2d3       100%        4
 Leda's Liquefaction      Hex/Erth       0%         N/A       100%        4
 Sticky Flame             Conj/Fire      0%         2d3       100%        4
 Alistair's Intoxication  Tmut/Pois      0%         N/A       100%        5
 Borgnjor's Vile Clutch   Necr/Erth      0%         N/A       100%        5
 Iskenderun's Battlesphe  Conj           0%         2d6       100%        5
 Lee's Rapid Deconstruct  Erth           0%         3d5*      100%        5
 Eringya's Noxious Bog    Tmut/Pois      0%         N/A       100%        6
 Iron Shot                Conj/Erth      0%         9d1       100%        6
 Call Canine Familiar     Summ           Unusable   N/A       N/A         3
 Simulacrum               Ice/Necr       Unusable   N/A       N/A         6
 Spellforged Servitor     Conj/Summ      Unusable   N/A       N/A         7

Dungeon Overview and Level Annotations

Branches:
Dungeon (15/15)            Temple (1/1) D:7            Lair (6/6) D:8
  Swamp (1/4) Lair:2        Snake (0/4) Lair:4        Slime (0/5) Lair:5
    Orc (0/2) D:12         Vaults (0/5) D:14         Depths (0/4) D:15

Altars:
Ashenzari
Cheibriados
Dithmenos
Elyvilon
Fedhas
Gozag
Hepliaklqana
Kikubaaqudgha
Makhleb
Nemelex Xobeh
Okawaru
Qazlal
Ru
Sif Muna
Trog
Uskayaw
Vehumet
Wu Jian
Xom
Yredelemnul
Zin
The Shining One
Lugonu

Shops:
D:8 ?

Portals:
Abyss: Lair:6


Innate Abilities, Weirdness & Mutations

You have a pair of horns on your head.
You reflexively headbutt those who attack you in melee.


Message History

The alligator bites you. The alligator tail-slaps you!
The alligator bites you!!
The alligator tail-slaps you but does no damage.
You are too injured to fight recklessly!
You are too injured to fight recklessly!
You are too injured to fight recklessly!
You are too injured to fight recklessly!
You carve the alligator like a ham!!!
You feel better.
Your headbutt misses the alligator.
The alligator is heavily wounded.
The alligator bites you!!
The alligator tail-slaps you but does no damage.
You slash the alligator!
You feel better.
The alligator is severely wounded.
The alligator bites you but does no damage.
The alligator tail-slaps you.
Unknown command.
Your unstable footing causes you to fumble your attack.
You hit the alligator. Your headbutt misses the alligator.
The alligator is severely wounded.
The alligator bites you!
The alligator tail-slaps you but does no damage.
You slice the alligator!!
You feel better.
You kill the alligator!
Okawaru accepts your kill.
You hit the tyrant leech but do no damage.
The tyrant leech bites you!!
* * * LOW HITPOINT WARNING * * *
The tyrant leech draws strength from your injuries!
Things that are here:
an alligator corpse; a goliath frog corpse The tyrant leech bites you!!!
* * * LOW HITPOINT WARNING * * *
The tyrant leech draws strength from your injuries!
Aiming: Paralyse
Press: ? - help, Shift-Dir - straight line, f - tyrant leech
Aim: a tyrant leech (strong, chance to affect: 47%)
The tyrant leech resists with some effort.
The tyrant leech bites you!!
You die...

♣≈.≈≈.♣♣♣≈♣ ≈..≈
♣.≈≈≈.♣..≈♣♣..≈≈≈... ≈
≈....≈".♣♣≈.≈≈≈≈... ..
♣♣........)≈≈§.....
≈≈.♣♣♣♣♣♣♣.≈§.......≈≈....§.
≈.≈...≈♣♣.<≈≈..≈≈.≈≈≈≈≈≈....
...≈≈≈..)......††≈≈≈≈≈≈≈≈...
.≈.≈≈≈.≈≈≈≈§≈..$†≈≈≈≈≈≈≈≈...
..≈≈≈≈.≈≈§≈≈≈≈..@w†≈≈)≈(....
♣♣≈≈≈≈≈≈≈≈.≈≈≈♣.≈≈≈≈≈≈≈≈....
♣≈≈≈♣..≈§.≈..≈♣.≈≈≈≈≈≈≈≈..≈.
≈≈≈≈≈♣.≈≈..≈≈.♣.≈≈≈≈.♣≈.....
≈≈≈≈≈♣≈≈.♣.≈≈♣♣♣.≈≈.♣♣♣...♣.
≈≈≈≈≈≈♣♣♣♣♣♣♣♣ ♣≈≈≈≈♣ ...♣
♣♣♣♣≈♣ ...♣ ♣≈♣ ..≈.


You could see a tyrant leech (strong).

Vanquished Creatures
  Rupert (D:13)
  Gastronok (Lair:3)
  Louise (Swamp:1)
  The ghost of DocClef the Nimble, a journeyman MfGl of Okawaru (Lair:6)
  Nessos (Lair:5)
  A bunyip (Swamp:1)
  Josephine (D:12)
  Snorg (D:11)
  A rakshasa (D:14)
  A vault guard (D:14)
  Fannar (D:11)
  Erolcha (D:11)
  5 boulder beetles
  11 hydras
  An ogre mage (D:14)
  2 alligators (Swamp:1)
  A death knight (D:14)
  11 death yaks
  7 centaur warriors
  11 two-headed ogres
  4 thrashing horrors (Lair:6)
  Urug (D:12)
  A goliath frog (Swamp:1)
  A spriggan druid (Swamp:1)
  2 orc knights
  A bog body (Lair:2)
  2 necromancers
  A large abomination (Lair:6)
  A lindwurm (shapeshifter) (D:14)
  A lindwurm (Lair:6)
  A deep elf pyromancer (D:12)
  4 ugly things
  A manticore (D:14)
  2 deep elf zephyrmancers (D:15)
  6 oklob plants
  4 cyclopes
  A centaur zombie (D:15)
  A naga mage (D:15)
  6 elephants
  4 black mambas
  A gargoyle (D:12)
  5 cane toads
  3 smoke demons (Lair:6)
  3 komodo dragons
  A rime drake (shapeshifter) (Lair:6)
  Psyche (D:11)
  4 rime drakes
  2 komodo dragons (shapeshifter)
  A freezing wraith (D:14)
  2 ancient zymes (Lair:6)
  2 tengu conjurers (D:14)
  4 polar bears
  2 trolls
  A hornet (D:11)
  A wind drake (shapeshifter) (Lair:6)
  31 blink frogs
  A jumping spider (shapeshifter) (D:14)
  A dream sheep (Lair:6)
  2 centaur simulacra (D:15)
  42 yaks
  A vampire (D:14)
  2 ynoxinuls (Lair:6)
  5 wraiths
  9 basilisks
  Grum (D:11)
  A water elemental (D:14)
  3 wyverns
  12 vampire mosquitoes
  A warg (D:15)
  3 swamp worms
  2 acid dragons
  3 nagas (Lair:4)
  16 water moccasins
  A floating eye (D:12)
  Duvessa (D:6)
  An elephant zombie (Lair:3)
  11 orc warriors
  2 black bears
  2 sky beasts (D:8)
  4 ogres (D:12)
  An ice beast (D:7)
  A necrophage (D:7)
  18 centaurs
  6 wolves
  4 kobold brigands
  A komodo dragon zombie (Lair:3)
  12 bullfrogs
  10 small abominations (Lair:6)
  2 wyvern zombies (D:6)
  4 gnoll sergeants
  Dowan (D:6)
  A water moccasin skeleton (D:5)
  8 electric eels
  3 howler monkeys
  A basilisk zombie (Lair:3)
  11 hounds
  2 centaur skeletons
  An orc priest (D:3)
  4 iguanas
  10 orc wizards
  2 howler monkey zombies
  5 gnolls
  7 adders
  A shadow imp (D:6)
  3 white imps
  An ufetubus (D:4)
  3 worms (D:3)
  A dart slug (D:3)
  48 orcs
  7 ball pythons
  5 bats
  13 endoplasms
  2 giant cockroaches
  4 goblins
  7 hobgoblins
  5 jackals
  17 kobolds
  A quokka (D:3)
  6 frilled lizards
  4 rats
540 creatures vanquished.

Vanquished Creatures (others)
  A wizard (D:15)
  20 fungi
  60 plants
81 creatures vanquished.

Grand Total: 621 creatures vanquished

Notes
Turn   | Place    | Note
-------+----------+-------------------------------------------
     0 | D:1      | DocClef the Minotaur Fighter began the quest for the Orb.
     0 | D:1      | Reached XP level 1. HP: 19/19 MP: 0/0
   102 | D:1      | Reached skill level 3 in Axes
   153 | D:1      | Reached XP level 2. HP: 26/26 MP: 1/1
   228 | D:1      | Reached skill level 4 in Axes
   386 | D:1      | Reached XP level 3. HP: 31/31 MP: 2/2
  1389 | D:2      | Found a faded altar of an unknown god.
  1427 | D:3      | Reached skill level 5 in Axes
  1435 | D:3      | Found a shadowy altar of Dithmenos.
  1608 | D:3      | Reached XP level 4. HP: 30/39 MP: 3/3
  1618 | D:3      | Reached skill level 6 in Axes
  2164 | D:3      | Found a hide-covered altar of Uskayaw.
  2408 | D:4      | Reached XP level 5. HP: 44/45 MP: 4/4
  2586 | D:4      | Reached skill level 7 in Axes
  3037 | D:4      | Identified the +1 hand axe of Fedhas's Whim {freeze, SInv}
  3087 | D:4      | Reached XP level 6. HP: 38/51 MP: 5/5
  3323 | D:5      | Entered Level 5 of the Dungeon
  3635 | D:5      | Reached skill level 8 in Axes
  3871 | D:5      | Reached skill level 9 in Axes
  3973 | D:5      | Reached XP level 7. HP: 27/57 MP: 6/6
  4877 | D:6      | Reached skill level 10 in Axes
  5238 | D:6      | Found a broken altar of Ashenzari.
  5243 | D:6      | Noticed a yak
  5470 | D:6      | Reached skill level 11 in Axes
  5564 | D:6      | Reached XP level 8. HP: 58/64 MP: 7/7
  5597 | D:6      | Found a sparkling altar of Nemelex Xobeh.
  5806 | D:6      | Reached skill level 12 in Axes
  5825 | D:6      | Reached skill level 13 in Axes
  5938 | D:6      | Noticed Duvessa
  5939 | D:6      | Noticed Dowan
  5941 | D:6      | Killed Duvessa
  5941 | D:6      | Killed Dowan
  6181 | D:7      | Found a staircase to the Ecumenical Temple.
  6192 | D:7      | Reached XP level 9. HP: 70/70 MP: 8/8
  6202 | Temple   | Entered the Ecumenical Temple
  6341 | Temple   | Became a worshipper of Warmaster Okawaru
  6627 | D:7      | Reached skill level 14 in Axes
  7115 | D:8      | Noticed a troll
  7133 | D:8      | Reached skill level 5 in Fighting
  7157 | D:9      | Noticed a two-headed ogre
  7309 | D:8      | Killed a troll
  7309 | D:8      | Reached * piety under Okawaru
  7346 | D:8      | Found Mierchag's Magic Scroll Shop.
  7583 | D:8      | Found a staircase to the Lair.
  7817 | D:9      | Killed a two-headed ogre
  8095 | D:9      | Reached ** piety under Okawaru
  8096 | D:9      | Reached skill level 10 in Fighting
  8103 | D:9      | Reached XP level 10. HP: 86/93 MP: 9/9
  8553 | D:9      | Found a sacrificial altar of Ru.
  8554 | D:9      | Found a glowing silver altar of Zin.
  8711 | D:9      | Identified the +5 scale mail of the Moon {rF+ Will+}
  9434 | D:8      | Found a hazy altar of Hepliaklqana.
  9450 | D:8      | Found an ornate altar of the Wu Jian Council.
  9490 | Lair:1   | Entered Level 1 of the Lair of Beasts
  9563 | Lair:1   | Identified the ring "Lueqonos" {rN+ rCorr Str+6 Int-3}
  9587 | Lair:1   | Reached *** piety under Okawaru
  9704 | Lair:1   | Noticed a black mamba
  9713 | Lair:1   | Killed a black mamba
  9981 | Lair:1   | Noticed a black mamba
  9988 | Lair:1   | Killed a black mamba
  9988 | Lair:1   | Reached **** piety under Okawaru
 10097 | Lair:1   | Noticed a cane toad
 10102 | Lair:1   | Killed a cane toad
 10485 | Lair:2   | Reached skill level 5 in Armour
 10506 | Lair:2   | Reached skill level 1 in Invocations
 10542 | Lair:2   | Reached XP level 11. HP: 109/110 MP: 11/11
 10645 | Lair:2   | Noticed a six-headed hydra
 10653 | Lair:2   | Killed a two-headed hydra
 10818 | Lair:2   | Noticed a seven-headed hydra
 10826 | Lair:2   | Killed a three-headed hydra
 10826 | Lair:2   | Reached ***** piety under Okawaru
 10827 | Lair:2   | Reached skill level 5 in Invocations
 11530 | Lair:2   | Noticed a seven-headed hydra
 11542 | Lair:2   | Killed a four-headed hydra
 11708 | Lair:2   | Noticed a bog body
 11714 | Lair:2   | Killed a bog body
 11928 | Lair:2   | Found an ornate altar of the Wu Jian Council.
 12057 | Lair:2   | Found a staircase to the Swamp.
 12682 | Lair:3   | Identified the +7 broad axe of Lygor {venom, Drain rF- rN+
                  | Dex+7} (Okawaru gifted it to you on level 3 of the Lair of
                  | Beasts)
 12682 | Lair:3   | Received a gift from Okawaru
 13138 | Lair:3   | Noticed a seven-headed hydra
 13150 | Lair:3   | Killed a five-headed hydra
 13151 | Lair:3   | Reached skill level 10 in Invocations
 13153 | Lair:3   | Reached XP level 12. HP: 56/117 MP: 16/18
 13407 | Lair:3   | Reached ****** piety under Okawaru
 13821 | Lair:3   | Noticed Gastronok
 13836 | Lair:3   | Killed Gastronok
 13836 | Lair:3   | Received a gift from Okawaru
 14453 | D:10     | Entered Level 10 of the Dungeon
 14491 | D:10     | Found a burning altar of Makhleb.
 14590 | D:10     | Noticed a two-headed ogre
 14595 | D:10     | Killed a two-headed ogre
 14636 | D:10     | Found a burning altar of Makhleb.
 14667 | D:10     | Noticed a two-headed ogre
 14671 | D:10     | Killed a two-headed ogre
 14799 | D:10     | Noticed an Executioner
 14943 | D:11     | Noticed Grum
 14949 | D:11     | Killed Grum
 14950 | D:11     | Reached skill level 15 in Axes
 14957 | D:11     | Noticed a boulder beetle
 14982 | D:11     | Killed a boulder beetle
 15073 | D:11     | Noticed Fannar
 15092 | D:11     | Killed Fannar
 15255 | D:11     | Noticed Psyche
 15277 | D:11     | Reached skill level 16 in Axes
 15278 | D:11     | Killed Psyche
 15279 | D:11     | Noticed Erolcha
 15288 | D:11     | Killed Erolcha
 15491 | D:11     | Noticed Snorg
 15508 | D:11     | Killed Snorg
 15588 | D:11     | Noticed a boulder beetle
 15605 | D:11     | Killed a boulder beetle
 15605 | D:11     | Identified the +0 ring mail "Eprogeur" {rC+ SInv} (Okawaru
                  | gifted it to you on level 11 of the Dungeon)
 15605 | D:11     | Received a gift from Okawaru
 15606 | D:11     | Reached skill level 15 in Fighting
 15810 | D:12     | Reached XP level 13. HP: 55/127 MP: 21/21
 16067 | D:12     | Noticed Urug
 16077 | D:12     | Killed Urug
 16694 | D:12     | You fall into a shaft and drop 2 floors!
 17141 | D:13     | Noticed Rupert
 17157 | D:13     | Killed Rupert
 17542 | D:12     | Paralysed by a floating eye for 2 turns
 17599 | D:12     | Found a staircase to the Orcish Mines.
 17967 | D:12     | Paralysed by a floating eye for 2 turns
 18301 | D:12     | Noticed Josephine
 18325 | D:12     | Killed Josephine
 18722 | Lair:4   | Found a staircase to the Snake Pit.
 18823 | Lair:4   | Received a gift from Okawaru
 18849 | Lair:4   | Received a gift from Okawaru
 18852 | Lair:4   | Reached skill level 17 in Axes
 19871 | Lair:4   | Identified the +6 quarterstaff of Kismet {holy, Str+6}
 20648 | Lair:5   | Noticed Nessos
 20656 | Lair:5   | Killed Nessos
 20657 | Lair:5   | Reached XP level 14. HP: 138/143 MP: 19/22
 20976 | Lair:5   | Found a staircase to the Slime Pits.
 21046 | Lair:6   | Entered Level 6 of the Lair of Beasts
 21058 | Lair:5   | Reached skill level 18 in Axes
 21097 | Lair:6   | Found a transporter.
 21144 | Lair:6   | Reached skill level 19 in Axes
 21584 | Lair:6   | Found a transporter.
 21590 | Lair:6   | Noticed DocClef's ghost (journeyman MfGl)
 21661 | Lair:6   | Identified the +1 plate armour of Rihew {*Corrode rC+
                  | Str+5} (Okawaru gifted it to you on level 6 of the Lair of
                  | Beasts)
 21661 | Lair:6   | Received a gift from Okawaru
 21991 | Lair:6   | Reached skill level 20 in Axes
 22727 | Lair:6   | Found a corrupted altar of Lugonu.
 22729 | Lair:6   | Found a one-way gate to the infinite horrors of the Abyss.
 23079 | Lair:6   | Killed DocClef's ghost
 23444 | D:14     | Reached skill level 10 in Armour
 23523 | D:14     | Reached skill level 1 in Dodging
 23941 | D:14     | Found a stormy altar of Qazlal.
 23952 | D:14     | Reached XP level 15. HP: 140/149 MP: 23/23
 24192 | D:14     | Reached skill level 5 in Dodging
 24195 | D:14     | Identified the +4 long sword "Yhuokann" {vorpal, Drain
                  | rPois rC+ Str+7} (Okawaru gifted it to you on level 14 of
                  | the Dungeon)
 24195 | D:14     | Received a gift from Okawaru
 24558 | D:14     | Found a gate to the Vaults.
 24648 | D:15     | Entered Level 15 of the Dungeon
 24674 | D:15     | Reached skill level 1 in Evocations
 24885 | D:15     | Received a gift from Okawaru
 25307 | D:15     | Found a staircase to the Depths.
 25986 | Swamp:1  | Entered Level 1 of the Swamp
 25986 | Swamp:1  | Noticed Louise
 25997 | Swamp:1  | Killed Louise
 26093 | Swamp:1  | Reached skill level 5 in Evocations
 26223 | Swamp:1  | Mangled by a tyrant leech

Illustrated notes

Levels and vault maps discovered:
D:1:      lightli_arrival_statue_moat, layout_loops_ring
D:2:      layout_loops_ring, shapermc_ecumenical_altar_mp_highgroup
D:3:      layout_rooms, nicolae_uskayaw_murder_on_the_dancefloor,
          nicolae_overflow_hidden_temple, cheibrodos_sewer_entry_bend
D:4:      layout_loops_ring, kennysheep_generic_room_16
D:5:      layout_gridville
D:6:      layout_loops_ring, nicolae_ashenzari_panopticon, lemuel_tele_altar,
          chequers_serial_rivers_room_b, minmay_circle_x, uniq_duvessa
D:7:      layout_basic, minmay_temple_entry_arrows
D:8:      layout_basic, mainiacjoe_overflow_swirl, erik_lair_island,
          serial_shops, nicolae_shop_trees, minmay_increasing_density
D:9:      layout_basic, mainiacjoe_overflow_divided_tiny, water_maze_lemuel
D:10:     layout_rooms, makhleb_altar_promises_db, kennysheep_flooded_box
D:11:     layout_basic, uniq_fannar, uniq_psyche, uniq_erolcha, uniq_snorg,
          uniq_grum
D:12:     layout_basic, kennysheep_orc_monster_closet_entryway,
          gauntlet_entry_generic, disabler_island, uniq_josephine, uniq_urug
D:13:     layout_irregular_city, uniq_rupert
D:14:     layout_irregular_city, david_vaults_5,
          hangedman_abyss_or_decor_clamps, minmay_crystal_water, drop_trap,
          grunt_qazlal_clouds
D:15:     grunt_enter_depths_magical_seal, layout_irregular_city, moated_statue
Temple:   dshaligram_water_room_temple
Lair:1:   layout_regular_city, minmay_hedge_maze
Lair:2:   layout_layer_cave, nicolae_swamp_entry_splash_gauntlet,
          fungi_pond_lemuel, lemuel_centaur_altar
Lair:3:   pond_and_an_island_with_a_cottage, layout_hall_layers, uniq_gastronok
Lair:4:   layout_cave_shapes, guppyfry_snake_entry_island, grunt_megastairs_2,
          serial_bayou_shore_b, serial_bayou_shore_b, lemuel_fruit_tree,
          serial_bayou_shore_b, infiniplex_staircase_pool
Lair:5:   layout_layer_cave, minmay_slime_entry_oklob_open, uniq_nessos
Lair:6:   hellmonk_lair_end_abyssal_woods, layout_loops_ring, nzn_ghost_randoct,
          serial_bayou_lagoon_a, minmay_stone_trees_medium, columned_hall_lemuel
Swamp:1:  layout_basic_swamp, evilmike_swamp_ruin_house_2, swamp_pool1,
          uniq_donald, uniq_mlioglotl, uniq_louise

Skill      XL: |  1  2  3  4  5  6  7  8  9 10 11 12 13 14 15 |
---------------+----------------------------------------------+-----
Axes           | 3 4 5 6 7 9 11 13 14 16 17 20 | 20.0
Fighting       | 10 14 15 18 | 18.1
Armour         | 5 10 | 10.0
Invocations    | 2 10 12 | 12.1
Dodging        | 3 7 |  7.3
Evocations     | 6 |  6.1
Shields        | |  3.6

Action                   |  1- 3 |  4- 6 |  7- 9 | 10-12 | 13-15 || total
-------------------------+-------+-------+-------+-------+-------++-------
Melee: War axe           |    90 |    68 |       |   330 |    91 ||   579
       Headbutt          |    14 |    20 |    49 |   115 |   182 ||   380
       Hand axe          |       |    38 |   251 |   168 |       ||   457
       Battleaxe         |       |       |       |       |   619 ||   619
Throw: Javelin           |       |       |     7 |    16 |    14 ||    37
Invok: Heroism           |       |       |     1 |    13 |    11 ||    25
       Finesse           |       |       |       |     6 |     5 ||    11
Evoke: Wand              |       |       |     5 |     7 |     2 ||    14
       Condenser vane    |       |       |       |     1 |       ||     1
  Use: Scroll            |     1 |       |    15 |     5 |       ||    21
       Potion            |       |     2 |     1 |       |       ||     3
 Stab: Paralysed         |       |       |       |       |     1 ||     1
Armor: Scale mail        |    49 |    42 |    38 |   173 |   389 ||   691
       Leather armour    |       |       |    48 |     8 |       ||    56
Dodge: Dodged            |    40 |    39 |    60 |   176 |   355 ||   670
Block: Buckler           |    21 |    16 |    27 |    79 |    14 ||   157
